 Dungeon Crawl Stone Soup version 0.31-a0-700-gf13585253f (webtiles) character file.

Game seed: 16184313618320799529

18532 Turgor the Mimic (level 11, -1/97 HPs)
             Began as an Octopode Shapeshifter on Sept 7, 2023.
             Was a High Priest of Ru.
             Blown up by an eye of devastation (28 damage)
             ... with a bolt of energy
             ... in a Gauntlet.
             The game lasted 00:57:27 (12072 turns).

Turgor the Mimic (Octopode Shapeshifter)           Turns: 12072, Time: 00:57:27

Health: -1/97      AC: 22    Str: 22    XL:     11   Next: 59%
Magic:  11/11      EV: 13    Int: 14    God:    Ru [*****.]
Gold:   216        SH:  0    Dex: 17    Spells: 10/10 levels left

rFire   + .          .
                       - Unarmed
rCold   . . .        (shield currently unavailable)
rNeg    . . .        (helmet currently unavailable)
rPois   +            C - amulet of faith
rElec   +            m - +6 ring of dexterity
rCorr   +            e - +4 ring of protection
SInv    .            I - ring of poison resistance
Will    .....        M - ring of protection from fire
Stlth   ++           Q - +4 ring of protection
HPRegen 0.36/turn    R - +4 ring of protection
MPRegen 0.12/turn    (no ring)
                     (no ring)

%: no teleportation, faith
@: snake-form, resistant
A: constrict, boosted hp, almost no armour, amphibious, 8 rings, large,
(camouflage 1), (gelatinous body 1), hated by all, inexperienced 1, temperature
sensitive, (nimble swimmer 1), (tentacles)
a: Begin Untransformation, Renounce Religion, Draw Out Power, Power Leap,
Apocalypse


You were in a Gauntlet.
You worshipped Ru.
Ru was extremely pleased with you.
You were an enormous anaconda.
You visited 3 branches of the dungeon, and saw 14 of its levels.
You also visited: Gauntlet and Volcano.

You collected 724 gold pieces.
You spent 508 gold pieces at shops.

Inventory:

Missiles
 l - 4 boomerangs
 n - a curare-tipped dart
 v - 22 poisoned darts
 J - 2 throwing nets
Armour
 s - a +2 tower shield
 E - an orb of mayhem
Jewellery
 e - a +4 ring of protection (right tentacle)
 m - a +6 ring of dexterity (left tentacle)
 A - an amulet of regeneration
 C - an amulet of faith (around neck)
 I - a ring of poison resistance (on tentacle)
 K - a ring of fire
 M - a ring of protection from fire (on tentacle)
 Q - a +4 ring of protection (on tentacle)
 R - a +4 ring of protection (on tentacle)
Talismans
 b - a beast talisman
 c - a flux talisman
 d - a serpent talisman (active)
 y - a talisman of death
Wands
 p - a wand of quicksilver (2)
 O - a wand of flame (2)
 P - a wand of polymorph (3)
 S - a wand of iceblast (6)
Scrolls
 a - 3 scrolls of amnesia
 h - 3 scrolls of enchant weapon
 i - 2 scrolls of noise
 k - a scroll of enchant armour {unknown}
 o - 5 scrolls of teleportation
 q - 3 scrolls of silence
 r - 5 scrolls of vulnerability
 t - 2 scrolls of poison {unknown}
 x - 2 scrolls of fear {unknown}
 F - a scroll of revelation
 N - a scroll of brand weapon
Potions
 f - a potion of curing
 g - a potion of might
 u - a potion of invisibility
 w - a potion of lignification
 z - a potion of brilliance
 B - 3 potions of resistance
 D - 2 potions of haste
 G - a potion of mutation
 H - a potion of berserk rage
 L - a potion of ambrosia
 T - a potion of magic
 U - a potion of cancellation


   Skills:
 + Level 9.8 Fighting
 - Level 7.0 Dodging
 + Level 10.2 Unarmed Combat
 * Level 12.9 Shapeshifting


You had 10 spell levels left.
You didn't know any spells.
Your spell library contained the following spells:

 Spells                   Type           Power      Damage    Failure   Level
 Kiss of Death            Conj/Necr      0%         2d5       28%         1
 Lesser Beckoning         Tloc           0%         N/A       41%         2
 Confusing Touch          Hex            0%         N/A       65%         3
 Gell's Gravitas          Tloc           0%         N/A       65%         3
 Teleport Other           Tloc           0%         N/A       65%         3
 Anguish                  Hex/Necr       0%         N/A       96%         4
 Cause Fear               Hex            0%         N/A       96%         4
 Dispel Undead            Necr           0%         3d6       96%         4
 Enfeeble                 Hex            0%         N/A       100%        7


Dungeon Overview and Level Annotations

Branches:
Dungeon (11/15)            Temple (1/1) D:7            Lair (2/5) D:9
  Swamp (0/4) Lair:2       Spider (0/4) Lair:2          Orc (0/2) D:11
Volcano (visited)         Gauntlet (1/1)

Altars:
Ashenzari
Cheibriados
Dithmenos
Elyvilon
Gozag
Kikubaaqudgha
Makhleb
Nemelex Xobeh
Okawaru
Qazlal
Ru
Sif Muna
Trog
Uskayaw
Vehumet
Wu Jian
Xom
Zin
The Shining One

Shops:
D:1 (   D:2 =(?   D:9 *   D:10 *

Annotations:
Gauntlet 13 transporters


Innate Abilities, Weirdness & Mutations

You are an enormous anaconda.
You have a powerful constriction melee attack.
Your maximum health is increased.
Your armour is entirely melded.
You are incapable of wielding weapons or throwing items.
You cannot wear most types of armour.
You are amphibious.
You can wear up to eight rings at the same time.
((Your skin changes colour to match your surroundings (Stealth+).))
((Your rubbery body absorbs attacks. (AC +1, EV +1)))
You are hated by all.
You are somewhat inexperienced. (-1 XL)
You are sensitive to extremes of temperature. (rF-, rC-)
((You are camouflaged when in or above water. (Stealth+)))
((You have tentacles for arms and can constrict up to eight enemies at once.))


Message History

There is a transporter here.
You feel protected.
Okay, then.
As you read the scroll of identify, it crumbles to dust.
T - a potion of magic
As you read the scroll of identify, it crumbles to dust.
U - a potion of cancellation You enter the transporter and appear at another place.
You lash the floating eye! You grab the floating eye.
The floating eye is almost dead.
You constrict the floating eye.
You kill the floating eye!
The floating eye's stare focuses on you.
You body-slam the floating eye!!
You kill the floating eye!
The eye of devastation gazes at you. The bolt of energy hits you!!!
You lash the eye of devastation! You grab the eye of devastation.
The eye of devastation is lightly wounded.
You constrict the eye of devastation. The eye of devastation gazes at you.
The bolt of energy hits you!!!
* * * LOW HITPOINT WARNING * * *
You lash the eye of devastation!
The eye of devastation is moderately wounded.
You constrict the eye of devastation.
You feel better.
You constrict the eye of devastation, but do no damage.
You hit the eye of devastation but do no damage.
The eye of devastation is heavily wounded.
You constrict the eye of devastation, but do no damage.
You hit the eye of devastation but do no damage.
The eye of devastation is heavily wounded.
You constrict the eye of devastation. You hit the eye of devastation.
The eye of devastation is heavily wounded.
You constrict the eye of devastation. The eye of devastation gazes at you.
The bolt of energy hits you!!
You die...

#≈...∩...∩...≈#
##...........##
##≈.....©.....≈##
#≈≈.#########.≈≈#
##≈.#.##....#.≈##
##.#..##..##.##
##≈.#...#.###.≈##
#≈≈.#©##.##.#.≈≈#
##≈.###.#SG.#.≈##
##.##..##..#.##
##≈.#..?©##.#.≈##
#≈≈.#########.≈≈#
##≈.#8..©#....≈##
##.#©...#.8..##
##≈.#8..©#....≈##
#≈≈.#########.≈≈#
##≈.#.....bt#.≈##


You could see an eye of devastation.

Vanquished Creatures
  A two-headed ogre (D:11)
  2 boulder beetles
  A salamander mystic (Volcano)
  A skyshark (Lair:2)
  6 salamanders (Volcano)
  A black mamba (Lair:1)
  Jeremiah (D:6)
  A cane toad (Lair:1)
  A rime drake (D:9)
  Maggie (D:8)
  2 komodo dragons
  A kobold demonologist (D:8)
  A troll (D:8)
  A hornet (D:7)
  11 blink frogs
  Sigmund (D:4)
  2 shadows
  A wyvern (Lair:1)
  A vampire (D:11)
  13 yaks (Lair:1)
  2 basilisks
  2 steam dragons (D:7)
  A naga (shapeshifter) (D:8)
  7 water moccasins
  2 floating eyes (Gauntlet)
  A black bear (D:7)
  3 orc warriors
  4 ice beasts
  An ogre (D:4)
  3 sky beasts (D:8)
  8 wolves
  2 centaurs
  2 phantoms
  3 kobold brigands
  Blork the orc (D:4)
  6 bullfrogs
  2 scorpions
  4 wights (D:8)
  10 killer bees
  An electric eel (Lair:1)
  6 howler monkeys
  3 hounds
  A lava snake (D:11)
  3 orc priests
  2 gnoll boudas
  5 iguanas
  A sleepcap (D:6)
  Terence (D:2)
  Natasha (twice) (D:2)
  9 orc wizards
  Ijyb (D:4)
  4 adders
  10 gnolls
  A shadow imp (D:7)
  A white imp (D:7)
  An ufetubus (D:6)
  A worm (D:5)
  3 dart slugs
  29 orcs
  7 ball pythons
  4 bats
  4 endoplasms
  2 giant cockroaches
  10 hobgoblins
  16 kobolds
  2 quokkas
  3 frilled lizards
  5 goblins
  8 rats
260 creatures vanquished.

Notes
Turn   | Place    | Note
-------+----------+-------------------------------------------
     0 | D:1      | Turgor the Octopode Shapeshifter began the quest for the
                  | Orb.
     0 | D:1      | Reached XP level 1. HP: 13/13 MP: 1/1
    77 | D:1      | Reached XP level 2. HP: 18/18 MP: 2/2
   185 | D:1      | Found Yniutuypn's Weapon Shop.
   600 | D:1      | Reached XP level 3. HP: 23/23 MP: 3/3
  1128 | D:2      | Found Anunkine's Antique Weapon Emporium.
  1198 | D:2      | Noticed Natasha
  1246 | D:2      | Killed Natasha
  1247 | D:2      | Reached XP level 4. HP: 29/29 MP: 4/4
  1265 | D:2      | Found Qaurred's Weapon Boutique.
  1346 | D:2      | Found Juthraxko's Magic Scroll Shoppe.
  1352 | D:2      | Bought a scroll of revelation for 90 gold pieces
  1352 | D:2      | Bought a scroll of teleportation for 36 gold pieces
  1438 | D:2      | Bought a scroll of identify for 24 gold pieces
  1557 | D:2      | Noticed Terence
  1565 | D:2      | Killed Terence
  1582 | D:2      | Found Eruqugog's Jewellery Shoppe.
  1770 | D:2      | Noticed Natasha
  1774 | D:2      | Killed Natasha
  1775 | D:2      | Reached skill level 4 in Shapeshifting
  1775 | D:2      | Reached XP level 5. HP: 29/34 MP: 5/5
  1976 | D:3      | Found a shimmering blue altar of Sif Muna.
  2013 | D:3      | Found a blossoming altar of Fedhas.
  2044 | D:3      | Found a faded altar of an unknown god.
  2481 | D:3      | Reached XP level 6. HP: 41/41 MP: 6/6
  3014 | D:4      | Noticed Blork the orc
  3025 | D:4      | Killed Blork the orc
  3095 | D:4      | Noticed Ijyb
  3215 | D:4      | HP: 2/42 [Ijyb/bolt of dispelling energy (15)]
  3217 | D:4      | Killed Ijyb
  3218 | D:4      | Reached skill level 5 in Shapeshifting
  3218 | D:4      | Reached XP level 7. HP: 13/46 MP: 7/7
  3675 | D:4      | Noticed Sigmund
  4008 | D:4      | Killed Sigmund
  4189 | D:5      | Entered Level 5 of the Dungeon
  4501 | D:5      | Reached XP level 8. HP: 54/54 MP: 8/8
  4625 | D:5      | Reached skill level 6 in Shapeshifting
  4769 | D:5      | Reached skill level 5 in Unarmed Combat
  4799 | D:5      | Identified the +0 quarterstaff of Cobwebs {antimagic,
                  | Int+2}
  5643 | D:6      | Reached skill level 5 in Dodging
  5767 | D:6      | You fall into a shaft and drop 3 floors!
  5808 | D:9      | Reached skill level 7 in Shapeshifting
  5808 | D:9      | Noticed a rime drake
  5817 | D:9      | Reached skill level 5 in Fighting
  5817 | D:9      | Reached XP level 9. HP: 58/61 MP: 9/9
  5817 | D:9      | Killed a rime drake
  5937 | D:7      | Found an iron altar of Okawaru.
  6228 | D:7      | Noticed a hornet
  6231 | D:7      | Found a staircase to the Ecumenical Temple.
  6246 | Temple   | Entered the Ecumenical Temple
  6260 | Temple   | Became a worshipper of Ru the Awakened
  6484 | D:6      | Noticed Jeremiah
  6603 | D:6      | Reached skill level 8 in Shapeshifting
  6626 | D:6      | Killed Jeremiah
  6800 | D:7      | Killed a hornet
  7061 | D:7      | Reached XP level 10. HP: 57/68 MP: 10/10
  7304 | D:2      | Bought a ring of poison resistance for 200 gold pieces
  7593 | D:8      | Reached skill level 9 in Shapeshifting
  7672 | D:8      | Noticed a two-headed ogre
  8149 | D:8      | Noticed Maggie
  8159 | D:8      | Killed Maggie
  8272 | D:8      | Noticed a kobold demonologist
  8282 | D:8      | Killed a kobold demonologist
  8432 | D:9      | Found a staircase to the Lair.
  8468 | D:9      | Gained mutation: You are hated by all. [Ru sacrifice]
  8468 | D:9      | Reached * piety under Ru
  8877 | D:9      | Noticed a boulder beetle
  8888 | D:9      | Killed a boulder beetle
  8889 | D:9      | Reached skill level 10 in Shapeshifting
  8946 | D:9      | Found Utaemis's General Store.
  8955 | D:9      | Bought a scroll of noise for 14 gold pieces
  9058 | D:10     | Entered Level 10 of the Dungeon
  9065 | D:10     | Identified the +5 battleaxe of Honour {flame, MP+9 Str+8
                  | Dex-3}
  9118 | D:10     | Reached XP level 11. HP: 75/75 MP: 11/11
  9185 | D:10     | Identified the +8 rapier of Unreason {antimagic, rN+}
  9258 | D:10     | Found Qath's Assorted Antiques.
  9266 | D:10     | Bought a scroll labelled OQYLOA WABRU for 24 gold pieces
  9266 | D:10     | Bought a bronze ring for 120 gold pieces
  9701 | D:11     | Noticed a boulder beetle
  9701 | D:11     | Noticed a two-headed ogre
  9708 | D:11     | Killed a two-headed ogre
  9716 | D:11     | Killed a boulder beetle
  9895 | D:11     | Gained mutation: You are sensitive to extremes of
                  | temperature. (rF-, rC-) [Ru sacrifice]
  9895 | D:11     | Reached ** piety under Ru
  9895 | D:11     | Reached *** piety under Ru
  9935 | D:11     | Identified the +1 robe "Earthly Heaven" {rElec Will+
                  | Regen+}
  9948 | D:11     | Found a staircase to the Orcish Mines.
 10175 | Lair:1   | Entered Level 1 of the Lair of Beasts
 10213 | D:9      | Reached skill level 11 in Shapeshifting
 10806 | Lair:1   | Reached XP level 12. HP: 85/85 MP: 12/12
 10814 | Lair:1   | Reached skill level 12 in Shapeshifting
 11422 | Lair:2   | Noticed a skyshark
 11438 | Lair:2   | Killed a skyshark
 11446 | Lair:2   | Found a dark tunnel.
 11451 | Volcano  | Entered a volcano
 11464 | Volcano  | Gained mutation: You are somewhat inexperienced. (-1 XL)
                  | [Ru sacrifice]
 11464 | Volcano  | Reached XP level 11. HP: 96/96 MP: 11/11
 11464 | Volcano  | Reached **** piety under Ru
 11464 | Volcano  | Reached ***** piety under Ru
 11476 | Volcano  | Found a radiant altar of Vehumet.
 11489 | Volcano  | Noticed a hell knight
 11501 | Volcano  | Reached skill level 10 in Unarmed Combat
 11900 | Lair:2   | Found a gate leading to a gauntlet.
 11909 | Gauntlet | Entered a Gauntlet
 11909 | Gauntlet | Found a transporter.
 11927 | Gauntlet | Found a transporter.
 11930 | Gauntlet | Found a transporter.
 11931 | Gauntlet | Found a transporter.
 11939 | Gauntlet | Found a transporter.
 11942 | Gauntlet | Found a transporter.
 11943 | Gauntlet | Found a transporter.
 11954 | Gauntlet | Found a transporter.
 11954 | Gauntlet | Found a transporter.
 11955 | Gauntlet | Found a transporter.
 11957 | Gauntlet | Noticed a hell hog
 11963 | Gauntlet | Found a transporter.
 11966 | Gauntlet | Found a transporter.
 11967 | Gauntlet | Found a transporter.
 11983 | Gauntlet | Found a transporter.
 12072 | Gauntlet | Blown up by an eye of devastation

Illustrated notes

Levels and vault maps discovered:
D:1:      nzn_arrival_depleted_hourglass, layout_loops_ring, serial_shops,
          shop_coins, serial_glass, glass_columns_a, glass_columns_b,
          glass_columns_a, glass_columns_b, glass_columns_b, glass_columns_a,
          minmay_misc_feat_rugged
D:2:      layout_loops_ring, serial_shops,
          nicolae_shop_temple_entry_statues_fountains,
          nicolae_shop_tiny_real_fake_doors, nicolae_shop_just_a_little_nook,
          shop, uniq_terence, uniq_natasha
D:3:      cheibrodos_thug_alley, layout_loops_ring,
          mainiacjoe_overflow_big_doors, hellmonk_ecumenical_altar_leap_of_faith
D:4:      layout_basic, kennysheep_boxes, uniq_sigmund, uniq_blork_the_orc,
          uniq_ijyb
D:5:      layout_basic
D:6:      minmay_skewed_foursquare, layout_basic, uniq_jeremiah
D:7:      layout_gridville, okawaru_gym_becter, minmay_temple_entry_proselytizer
D:8:      layout_loops_cross, minmay_diamond_spiral, uniq_maggie
D:9:      layout_loops_ring, hellmonk_lair_entry_icy, serial_shops, shop
D:10:     layout_small_grid, mainiacjoe_overflow_concentric_impassable,
          serial_shops, nicolae_shop_advertising_works
          [nicolae_subvault_shop_adworks]
D:11:     wander_kiku_kobolds, layout_cave_pools,
          kennysheep_orc_monster_closet_entryway, kennysheep_island_fort
Temple:   eino_narrow_crystal_temple
Lair:1:   layout_roguey, serial_bayou_shore_a, grunt_megastairs_4
Lair:2:   layout_hall_layers, swamp_mist, nicolae_spider_entry_tight_spaces,
          gauntlet_entry_generic, nicolae_volcano_entry_s_turn,
          lemuel_fruit_fields
Gauntlet: gammafunk_gauntlet_77_escape_option [minmay_gauntlet_arena_77_fan,
          minmay_gauntlet_arena_77_two_paths,
          minmay_gauntlet_arena_77_chump_sandwich,
          minmay_gauntlet_arena_77_squiggly, minmay_gauntlet_arena_77_two_lines,
          dreamdust_gauntlet_exit_labyrinth]

Skill      XL: |  1  2  3  4  5  6  7  8  9 10 11 12 |
---------------+-------------------------------------+-----
Fighting       | 2 3 5 6 7 9 |  9.8
Shapeshifting  | 4 5 7 8 10 11 12 | 12.9
Dodging        | 3 4 5 6 7 |  7.0
Unarmed Combat | 4 5 6 8 10 | 10.2

Action                     |  1- 3 |  4- 6 |  7- 9 | 10-12 || total
---------------------------+-------+-------+-------+-------++-------
  Melee: Unarmed           |    44 |    78 |   185 |   392 ||   699
         Tentacles         |     9 |    16 |    45 |       ||    70
         Constrict         |     7 |    22 |    37 |    95 ||   161
         Punch             |       |     4 |     7 |       ||    11
  Throw: Boomerang         |     5 |    10 |     7 |       ||    22
         Dart              |       |     3 |     7 |       ||    10
 Invoke: Sacrifice Love    |       |       |       |     1 ||     1
         Sacrifice Experie |       |       |       |     1 ||     1
         Sacrifice Resista |       |       |       |     1 ||     1
  Evoke: Wand              |       |       |    13 |    13 ||    26
    Use: Scroll            |     2 |     5 |     5 |    10 ||    22
         Potion            |       |     2 |     5 |    10 ||    17
   Stab: Sleeping          |     7 |     8 |     4 |     2 ||    21
         Invisible         |       |       |     2 |       ||     2
 Armour: Skin              |    10 |    31 |    78 |   247 ||   366
  Dodge: Dodged            |    16 |    35 |    80 |   191 ||   322
   Form: Flux              |       |       |     1 |       ||     1
         Anaconda          |       |       |       |     1 ||     1

Table legend: (Time is in decaauts)
 A = Elapsed time spent in this place.
 B = Non-inter-level travel time spent in this place.
 C = Inter-level travel time spent in this place.
 D = Time resting spent in this place.
 E = Time spent auto-exploring this place.
 F = Levels seen in this place.
 G = Mean time per level.
                   A        B        C        D        E       F      G
               +--------+--------+--------+--------+--------+-----+--------+
         Total |  12006 |  11174 |    832 |    889 |   6604 |  16 |  750.4 |
       Dungeon |  10337 |   9534 |    803 |    677 |   5931 |  11 |  939.7 |
        Temple |     30 |     25 |      5 |      0 |      0 |   1 |   30.0 |
          Lair |   1088 |   1064 |     24 |     11 |    673 |   2 |  544.0 |
       Volcano |    387 |    387 |      0 |    201 |      0 |   1 |  387.0 |
      Gauntlet |    161 |    161 |      0 |      0 |      0 |   1 |  161.0 |
               +--------+--------+--------+--------+--------+-----+--------+

Top non-repeatable levels by time:
     D:4: 1271 daAuts
     D:9: 1168 daAuts
     D:3: 1147 daAuts
     D:1: 1127 daAuts
     D:6: 1020 daAuts
     D:8: 1016 daAuts
     D:5: 1010 daAuts
  Lair:1: 981 daAuts
     D:7: 928 daAuts
     D:2: 728 daAuts
    D:10: 635 daAuts
 Volcano: 387 daAuts
    D:11: 281 daAuts
Gauntlet: 161 daAuts
  Lair:2: 107 daAuts
